 Dungeon Sprint DCSS version 0.19-a0-1532-g228a5d9 (webtiles) character file.

12597 poirepourri the Ninja (level 11, -2/48 HPs)
             Began as a Spriggan Enchanter on Sept 13, 2016.
             Was the Champion of Dithmenos.
             Slain by a spriggan berserker
             ... wielding a +0 antimagic rapier
              (10 damage)
             ... in the Dungeon (Sprint IV: "Fedhas' Mad Dash").
             The game lasted 00:09:20 (2339 turns).

poirepourri the Ninja (Spriggan Enchanter)          Turns: 2339, Time: 00:09:21

Health: -2/48      AC:  7    Str:  4    XL:     11   Next: 64%
Magic:  1/31       EV: 24    Int: 17    God:    Dithmenos [******]
Gold:   273        SH:  0    Dex: 20    Spells: 5 memorised, 28 levels left

rFire  . . .     SeeInvis +     p - +1 rapier (venom)
rCold  + . .     Gourm    .     b - +2 robe
rNeg   + + +     Faith    .     (shield restricted)
rPois  ∞         Spirit   .     (helmet restricted)
rElec  .         Dismiss  .     m - +2 cloak {rPois}
rCorr  .         Reflect  .     (gloves unavailable)
MR     +++++     Harm     .     (boots unavailable)
Stlth  ++++++++++ NoTele   +    i - amulet of invisibility {+Inv}
                                (no ring)
                                n - ring "Juho" {Wiz rPois rC+ MR+ Slay+3}

@: shadow-form (expiring), wreathed by umbra, drained, invisible (expiring),
very quick
A: unfitting armour, see invisible, herbivore 3, speed 3, slow metabolism 2
a: End Transformation, Shadow Step, Shadow Form, Renounce Religion, Evoke
Invisibility


You were in the Dungeon.
You worshipped Dithmenos.
Dithmenos was exalted by your worship.
You were not hungry.
You were a swirling mass of dark shadows.
You visited 1 branch You collected 463 gold pieces.
You spent 190 gold pieces at shops.

Inventory:

Hand Weapons
 a - a +1 dagger
 p - a +1 rapier of venom (weapon)
Armour
 b - a +2 robe (worn)
 f - a +0 robe
 m - a +2 cloak of poison resistance (worn)
 q - a +0 buckler
Jewellery
 i - the amulet of invisibility (around neck) {+Inv}
   (You found it in the Dungeon)

   [amulet of nothing]

   It lets you turn invisible.
 l - an uncursed amulet of the gourmand
 n - the ring "Juho" (left hand) {Wiz rPois rC+ MR+ Slay+3}
   (You found it in the Dungeon)

   [ring of wizardry]

   It improves your spell success rate.
   It affects your accuracy and damage with ranged weapons and melee attacks
   (+3).
   It protects you from cold.
   It protects you from poison.
   It affects your resistance to hostile enchantments.
Scrolls
 r - a scroll of identify {unknown}
Potions
 g - a potion of haste
 h - 2 potions of magic
Books
 c - a book of Maledictions

   Spells                             Type                      Level
   a - Corona                         Hexes                        1
   b - Ensorcelled Hibernation        Hexes/Ice                    2
   c - Confuse                        Hexes                        3
   d - Tukima's Dance                 Hexes                        3
   e - Dazzling Spray                 Conjuration/Hexes            3
 o - a book of Necromancy

   Spells                             Type                      Level
   a - Pain                           Necromancy                   1
   b - Animate Skeleton               Necromancy                   1
   c - Vampiric Draining              Necromancy                   3
   d - Regeneration                   Charms/Necromancy            3
   e - Animate Dead                   Necromancy                   4
   f - Control Undead                 Necromancy                   4
Miscellaneous
 k - a lamp of fire
Comestibles
 d - a bread ration
 j - 9 royal jellies


   Skills:
 - Level 0.7(0.0) Fighting
 + Level 8.4(7.4) Short Blades
 + Level 8.6(7.6) Dodging
 O Level 27(25.5) Stealth
 + Level 15.2(14.0) Spellcasting
 - Level 2.0(1.2) Conjurations
 + Level 15.2(14.0) Hexes
 - Level 4.1(3.2) Ice Magic
 - Level 1.0(0.2) Invocations


You had 28 spell levels left.
You knew the following spells:

 Your Spells              Type           Power        Failure   Level  Hunger
a - Corona                Hex            ##.....      0%          1    None
b - Ensorcelled Hibernat  Hex/Ice        ##....       1%          2    None
c - Confuse               Hex            ##......     1%          3    None
d - Tukima's Dance        Hex            ##......     1%          3    None
e - Dazzling Spray        Conj/Hex       #.....       1%          3    None


Dungeon Overview and Level Annotations

Branches:
Dungeon (1/1)

Altars:
Cheibriados
Dithmenos
Elyvilon
Gozag
Hepliaklqana
Kikubaaqudgha
Makhleb
Nemelex Xobeh
Okawaru
Qazlal
Ru
Sif Muna
Trog
Uskayaw
Vehumet
Xom
Yredelemnul
Zin
The Shining One
Beogh
Jiyva
Lugonu

Shops:
D =[(}[:}(}:[[%[[?[}*}[

Annotations:
D exclusion: 2 oklob plants


Innate Abilities, Weirdness & Mutations

You are tiny and cannot use many weapons and most armour.
You have supernaturally acute eyesight. (SInv)
You are a herbivore.
You cover ground extremely quickly.
You need consume almost no food.


Message History

The spriggan berserker hits you with an antimagic rapier!
* * * LOW HITPOINT WARNING * * *
You emit a cloud of dark smoke.
You feel drained.
You feel better.
The spriggan berserker hits you but does no damage.
The spriggan berserker hits you but does no damage.
There is an open door here.
Your transformation is almost over.
The spriggan berserker barely misses you.
The spriggan berserker completely misses you.
The spriggan berserker rages.
The spriggan berserker completely misses you.
The spriggan berserker rages.
The spriggan berserker hits you with an antimagic rapier.
* * * LOW HITPOINT WARNING * * *
You emit a cloud of dark smoke.
You feel drained.
You feel your power leaking away.
There is an open door here.
The spriggan berserker hits you with an antimagic rapier!!
You die...

#.....♣..♣..######♣♣♣♣♣..♣.##
##'####'######.)'..†...♣..♣##
#..#....'.......#♣.)♣♣♣.♣).##
#.[#.|###.......#.♣♣.)♣...♣'.
#############################
#......................# ##
#∩...................P.#####.
#∩...........)......)P.......
#∩..........W........P...####
###########i############## ##
#....§§§...# ###..#####.
#....§§§P..# #.)..'....§
###.P§§§.### #†...#####P
###...## ##....# ##
#....####.....#####∩
#.............'....∩
#.............#####∩


You could see a spriggan berserker (berserk).

Vanquished Creatures
  Agnes (D)
  A ghost moth (D)
  A spriggan defender (D)
  A spriggan berserker (D)
  A spriggan druid (D)
  9 oklob plants (D)
  3 demonic crawlers (D)
  3 wandering mushrooms (D)
  3 burning bushes (D)
  A queen bee (D)
  6 wasps (D)
  2 scorpions (D)
  4 killer bees (D)
  5 oklob saplings (D)
  A worker ant (D)
  8 spriggans (D)
  A river rat (D)
  A rat (D)
  A ballistomycete (D)
  2 giant spores (D)
55 creatures vanquished.

Vanquished Creatures (others)
  A fungus (D)
1 creature vanquished.

Grand Total: 56 creatures vanquished

Notes
Turn   | Place    | Note
-------+----------+-------------------------------------------
     0 | D        | poirepourri the Spriggan Enchanter began the quest for the Orb.
     0 | D        | Reached XP level 1. HP: 9/9 MP: 5/5
    12 | D        | Reached skill level 6 in Stealth
    12 | D        | Reached XP level 2. HP: 13/13 MP: 4/6
    13 | D        | Reached skill level 7 in Stealth
    22 | D        | Learned a level 2 spell: Ensorcelled Hibernation
    47 | D        | Noticed an oklob sapling
    49 | D        | Killed an oklob sapling
    49 | D        | Reached skill level 8 in Stealth
    49 | D        | Reached XP level 3. HP: 16/16 MP: 6/8
    55 | D        | Reached skill level 5 in Dodging
    55 | D        | Reached skill level 5 in Hexes
    78 | D        | Learned a level 3 spell: Confuse
    82 | D        | Learned a level 3 spell: Tukima's Dance
    84 | D        | Noticed an oklob sapling
    87 | D        | Killed an oklob sapling
    87 | D        | Reached skill level 9 in Stealth
    87 | D        | Reached XP level 4. HP: 21/21 MP: 11/11
   100 | D        | Found an opulent altar of Gozag.
   100 | D        | Found a hazy altar of Hepliaklqana.
   100 | D        | Found a burning altar of Makhleb.
   100 | D        | Found a roughly hewn altar of Beogh.
   100 | D        | Found a sparkling altar of Nemelex Xobeh.
   100 | D        | Found a snail-covered altar of Cheibriados.
   100 | D        | Found a sacrificial altar of Ru.
   100 | D        | Found a deep blue altar of Sif Muna.
   100 | D        | Found a shimmering altar of Xom.
   100 | D        | Found a basalt altar of Yredelemnul.
   101 | D        | Found a viscous altar of Jiyva.
   101 | D        | Found a bloodstained altar of Trog.
   102 | D        | Found an iron altar of Okawaru.
   102 | D        | Found a glowing silver altar of Zin.
   102 | D        | Found a shadowy altar of Dithmenos.
   103 | D        | Found a hide-covered altar of Uskayaw.
   103 | D        | Found an ancient bone altar of Kikubaaqudgha.
   104 | D        | Found a stormy altar of Qazlal.
   104 | D        | Found a glowing golden altar of the Shining One.
   104 | D        | Found a white marble altar of Elyvilon.
   105 | D        | Found a radiant altar of Vehumet.
   105 | D        | Found a corrupted altar of Lugonu.
   108 | D        | Reached skill level 10 in Stealth
   108 | D        | Reached XP level 5. HP: 24/24 MP: 12/12
   113 | D        | Became a worshipper of Dithmenos the Shadowed
   118 | D        | Learned a level 3 spell: Dazzling Spray
   126 | D        | Reached skill level 11 in Stealth
   126 | D        | Reached skill level 5 in Spellcasting
   140 | D        | Reached skill level 12 in Stealth
   142 | D        | Reached * piety under Dithmenos
   144 | D        | Reached XP level 6. HP: 28/28 MP: 11/15
   174 | D        | Found Osaanos's Antique Armour Shop.
   174 | D        | Found Yggisuz's Armour Emporium.
   183 | D        | Noticed a burning bush
   183 | D        | Noticed a wandering mushroom
   184 | D        | Noticed a wandering mushroom
   186 | D        | Killed a wandering mushroom
   186 | D        | Reached skill level 14 in Stealth
   186 | D        | Reached skill level 10 in Hexes
   188 | D        | Killed a burning bush
   188 | D        | Reached ** piety under Dithmenos
   188 | D        | Reached skill level 15 in Stealth
   188 | D        | Reached XP level 7. HP: 32/32 MP: 15/18
   189 | D        | Reached skill level 16 in Stealth
   191 | D        | Killed a wandering mushroom
   191 | D        | Reached skill level 17 in Stealth
   197 | D        | Found Zevoitidgh's Assorted Antiques.
   197 | D        | Found Nukyvec's Gadget Shoppe.
   217 | D        | Bought a runed cloak for 103 gold pieces
   270 | D        | Noticed a queen bee
   295 | D        | Reached *** piety under Dithmenos
   295 | D        | Reached XP level 8. HP: 36/36 MP: 15/20
   326 | D        | Reached skill level 5 in Short Blades
   346 | D        | Reached skill level 1 in Ice Magic
   372 | D        | Killed a queen bee
   372 | D        | Reached **** piety under Dithmenos
   372 | D        | Reached skill level 18 in Stealth
   779 | D        | Noticed an oklob plant
   782 | D        | Killed an oklob plant
   782 | D        | Reached skill level 19 in Stealth
   795 | D        | Noticed a burning bush
   801 | D        | Killed a burning bush
   801 | D        | Reached XP level 9. HP: 30/39 MP: 18/23
   966 | D        | Noticed a burning bush
   966 | D        | Noticed an oklob plant
   967 | D        | Noticed a wandering mushroom
   968 | D        | Killed a burning bush
   968 | D        | Reached skill level 20 in Stealth
   971 | D        | Killed an oklob plant
   971 | D        | Reached ***** piety under Dithmenos
   971 | D        | Reached skill level 10 in Spellcasting
   973 | D        | Killed a wandering mushroom
   973 | D        | Reached skill level 21 in Stealth
   976 | D        | Got a brightly glowing iron ring
   979 | D        | Identified the ring "Juho" {Wiz rPois rC+ MR+ Slay+3} (You found it in the Dungeon)
   991 | D        | Noticed a spriggan druid
   993 | D        | Killed a spriggan druid
   993 | D        | Reached skill level 1 in Invocations
  1008 | D        | Noticed an oklob plant conjurer
  1010 | D        | Killed an oklob plant conjurer
  1243 | D        | Noticed Agnes
  1245 | D        | Found Muilleac's Magic Scroll Emporium.
  1245 | D        | Noticed a spriggan berserker
  1247 | D        | Found Lit Awos's Armour Shoppe.
  1249 | D        | Killed Agnes
  1249 | D        | Reached skill level 23 in Stealth
  1249 | D        | Reached XP level 10. HP: 44/44 MP: 25/27
  1253 | D        | Killed a spriggan berserker
  1259 | D        | Noticed a spriggan defender
  1262 | D        | Killed a spriggan defender
  1262 | D        | Reached skill level 24 in Stealth
  1262 | D        | Reached skill level 1 in Conjurations
  1271 | D        | Bought a scroll of magic mapping for 38 gold pieces
  1272 | D        | Bought a scroll of remove curse for 33 gold pieces
  1286 | D        | Noticed a spriggan rider
  1294 | D        | Killed a spriggan rider
  1294 | D        | Reached skill level 25 in Stealth
  1306 | D        | Noticed a ghost moth
  1349 | D        | Killed a ghost moth
  1349 | D        | Reached XP level 11. HP: 48/48 MP: 8/29
  1381 | D        | Reached ****** piety under Dithmenos
  1508 | D        | Found Ogreru's Jewellery Shoppe.
  1508 | D        | Found Acuutini's Antique Armour Boutique.
  1508 | D        | Found Baifam's Antique Weapon Emporium.
  1568 | D        | Noticed an oklob plant
  1568 | D        | Noticed an oklob plant summoner
  1569 | D        | Noticed an oklob plant shifter
  1570 | D        | Killed an oklob plant
  1570 | D        | Reached skill level 26 in Stealth
  1572 | D        | Killed an oklob plant shifter
  1573 | D        | Killed an oklob plant summoner
  1585 | D        | Noticed a spriggan rider
  1586 | D        | Found Qomisutinn's Gadget Emporium.
  1806 | D        | Found Kipidoeck's Antique Armour Shoppe.
  1824 | D        | Bought a glowing robe for 16 gold pieces
  1942 | D        | Noticed an oklob plant shifter
  1942 | D        | Noticed an oklob plant meteorologist
  1949 | D        | Killed an oklob plant shifter
  2191 | D        | Killed an oklob plant meteorologist
  2200 | D        | Noticed a spriggan rider
  2201 | D        | Reached skill level 27 in Stealth
  2205 | D        | Killed a spriggan rider
  2205 | D        | Reached skill level 15 in Spellcasting
  2205 | D        | Reached skill level 15 in Hexes
  2250 | D        | Found Taydur's Antique Armour Shoppe.
  2250 | D        | Found Datwaph's Book Boutique.
  2250 | D        | Found Haruxkida's Gadget Shop.
  2250 | D        | Found Yculor's Antique Weapon Emporium.
  2250 | D        | Found Xyij's Gadget Shoppe.
  2251 | D        | Found Acyczyil's Book Emporium.
  2251 | D        | Found Waihia Lopo's Antique Armour Shop.
  2251 | D        | Found Lechipot's Gadget Boutique.
  2283 | D        | Noticed an oklob plant summoner
  2284 | D        | Found Vyckynk Kaor's Antique Armour Emporium.
  2284 | D        | Found Fusosufi's Food Shop.
  2285 | D        | Killed an oklob plant summoner
  2295 | D        | Noticed an oklob plant demonologist
  2295 | D        | Noticed an oklob plant annihilator
  2303 | D        | Noticed a spriggan berserker
  2339 | D        | Slain by a spriggan berserker

Vault maps used:
D:        dungeon_sprint_fedhas

Skill      XL: |  1  2  3  4  5  6  7  8  9 10 11 |
---------------+----------------------------------+-----
Dodging        | 4 5 6 7 8 |  8.6
Stealth        | 6 8 9 10 12 15 17 19 23 25 27 | 27.0
Short Blades   | 2 4 5 6 7 8 |  8.4
Spellcasting   | 3 4 5 7 9 12 13 15 | 15.2
Hexes          | 4 6 7 9 11 12 13 14 15 | 15.2
Ice Magic      | 3 4 |  4.1
Invocations    | 1 |  1.0
Conjurations   | 1 2 |  2.0
Fighting       | |  0.7

Action                   |  1- 3 |  4- 6 |  7- 9 | 10-12 || total
-------------------------+-------+-------+-------+-------++-------
Melee: Dagger            |     7 |     7 |    30 |     2 ||    46
       Rapier            |       |       |       |    44 ||    44
 Cast: Corona            |     1 |       |       |       ||     1
       Ensorcelled Hiber |       |     1 |     8 |     7 ||    16
       Confuse           |       |       |     3 |     6 ||     9
       Dazzling Spray    |       |       |     1 |    11 ||    12
Invok: Shadow Step       |       |       |     1 |     4 ||     5
       Shadow Form       |       |       |       |     2 ||     2
  Use: Potion            |     1 |       |       |     3 ||     4
       Scroll            |     1 |       |     2 |     3 ||     6
 Stab: Sleeping          |     3 |     7 |    14 |    16 ||    40
       Confused          |       |       |     2 |     2 ||     4
Armor: Robe              |       |       |     2 |     3 ||     5
Dodge: Dodged            |     2 |       |     9 |    24 ||    35
